| TOP OF THE 1ST |
|
Burlington Senators batting - Pitching for Lynchburg Hillcats : RHP Dave Szymczak
|
|
Pitching: RHP Dave Szymczak
|
|
|
Batting: LHB Daniel Spain
|
0-0: Ball 1-0: Swinging Strike 1-1: Fly out, F7 (Flyball, 7LM, EV 105.6 MPH)
|
|
Batting: RHB Richard Hertel
|
0-0: Called Strike 0-1: Swinging Strike 0-2: Strikes out looking
|
|
Batting: RHB Rick Schu
|
0-0: Ball 1-0: Foul Ball, location: 2F 1-1: Fly out, F8 (Flyball, 78D, EV 85.6 MPH)
|
| Top of the 1st over - 0 runs, 0 hits, 0 errors, 0 left on base; Burlington 0 - Lynchburg 0 |
| BOTTOM OF THE 1ST |
|
Lynchburg Hillcats batting - Pitching for Burlington Senators : LHP Jose Calderon
|
|
Pitching: LHP Jose Calderon
|
|
|
Batting: RHB Ronald Lee
|
0-0: DOUBLE (Groundball, 5L, EV 95.0 MPH)
|
|
Pinch Runner at 2nd Stanley Cannon:
|
|
|
Batting: RHB Russ Quetti
|
0-0: Hit by Pitch
|
|
Batting: RHB William Lajoie
|
0-0: Foul Ball, location: 2F 0-1: Ball 1-1: Ball Wild Pitch! Stanley Cannon to third Russ Quetti to second 2-1: Swinging Strike 2-2: Strikes out swinging
|
|
Batting: RHB Richard Witt
|
0-0: Ball 1-0: Fly out, F7 (Flyball, 7, EV 77.5 MPH)
|
|
Batting: RHB Kenneth Tillman
|
0-0: SINGLE (Groundball, 13S, EV 73.1 MPH) (infield hit) Stanley Cannon scores Russ Quetti to third
|
|
Batting: RHB Jon Corella
|
0-0: Foul Ball, location: 2F 0-1: Called Strike 0-2: Ball 1-2: Strikes out swinging
|
| Bottom of the 1st over - 1 run, 2 hits, 0 errors, 2 left on base; Burlington 0 - Lynchburg 1 |
| TOP OF THE 2ND |
|
Burlington Senators batting - Pitching for Lynchburg Hillcats : RHP Dave Szymczak
|
|
Now at SS: Luis A Rivera
|
|
|
Batting: LHB John Skorochocki
|
0-0: Called Strike 0-1: Ground out 6-3 (Groundball, 6, EV 91.9 MPH)
|
|
Batting: RHB Joseph Lorenz
|
0-0: Called Strike 0-1: Ground out 4-3 (Groundball, 4, EV 88.8 MPH)
|
|
Batting: LHB Jesus Sandoval
|
0-0: Foul Ball, location: 2F 0-1: Called Strike 0-2: Ball 1-2: Foul Ball, location: 2F 1-2: DOUBLE (Groundball, 3L, EV 100.6 MPH)
|
|
Batting: RHB Glenn Millhauser
|
0-0: Called Strike 0-1: Ball 1-1: Fly out, F9 (Flyball, 9, EV 95.6 MPH)
|
| Top of the 2nd over - 0 runs, 1 hit, 0 errors, 1 left on base; Burlington 0 - Lynchburg 1 |
| BOTTOM OF THE 2ND |
|
Lynchburg Hillcats batting - Pitching for Burlington Senators : LHP Jose Calderon
|
|
Batting: RHB Frederic Wade
|
0-0: Ball 1-0: SINGLE (Line Drive, 78M, EV 101.3 MPH)
|
|
Batting: LHB Harold Warner
|
0-0: Fielders Choice at 2nd, 4-6 (Groundball, 34, EV 88.1 MPH)
|
|
Batting: RHB Felix Estrada
|
0-0: Called Strike 0-1: Ball 1-1: Ball 2-1: Foul Ball, location: 2F 2-2: Fly out, F9 (Flyball, 9S, EV 71.9 MPH)
|
|
Batting: RHB Luis A Rivera
|
Pickoff Throw to First - Error! E1 Harold Warner to second 0-0: Ball 1-0: SINGLE (Groundball, 56D, EV 95.0 MPH) Harold Warner to third Runner from 3rd tries for Home, SAFE, throw by LF to home Luis A Rivera to second
|
|
Batting: RHB Russ Quetti
|
0-0: Called Strike 0-1: Ball 1-1: Fly out, F8 (Line Drive, 8LM, EV 97.5 MPH)
|
| Bottom of the 2nd over - 1 run, 2 hits, 1 error, 1 left on base; Burlington 0 - Lynchburg 2 |
| TOP OF THE 3RD |
|
Burlington Senators batting - Pitching for Lynchburg Hillcats : RHP Dave Szymczak
|
|
Batting: RHB Ronnie Mears
|
0-0: Called Strike 0-1: Called Strike 0-2: Foul Ball, location: 2F 0-2: Foul Ball, location: 2F 0-2: Strikes out swinging
|
|
Batting: RHB Brad Bauman
|
0-0: Ball 1-0: Ground out 4-3 (Groundball, 13, EV 92.5 MPH)
|
|
Batting: LHB Daniel Spain
|
0-0: Foul Ball, location: 2F 0-1: Ball 1-1: Called Strike 1-2: Ground out U3 (Groundball, 34S, EV 80.0 MPH)
|
| Top of the 3rd over - 0 runs, 0 hits, 0 errors, 0 left on base; Burlington 0 - Lynchburg 2 |
| BOTTOM OF THE 3RD |
|
Lynchburg Hillcats batting - Pitching for Burlington Senators : LHP Jose Calderon
|
|
Batting: RHB William Lajoie
|
0-0: Ball 1-0: Ball 2-0: Ball 3-0: Base on Balls
|
|
Batting: RHB Richard Witt
|
0-0: Ball 1-0: Swinging Strike 1-1: Swinging Strike 1-2: Strikes out swinging
|
|
Batting: RHB Kenneth Tillman
|
0-0: Called Strike 0-1: Hit by Pitch William Lajoie to second
|
|
Batting: RHB Jon Corella
|
0-0: Ball 1-0: Ball 2-0: Called Strike 2-1: Ball 3-1: Base on Balls William Lajoie to third Kenneth Tillman to second
|
|
Batting: RHB Frederic Wade
|
0-0: Ball 1-0: Foul Ball, location: 2F 1-1: Called Strike 1-2: Ball 2-2: Fly out, F9 (Line Drive, 9, EV 95.6 MPH) Runner from 3rd tags up, SCORES, throw by RF
|
|
Batting: LHB Harold Warner
|
0-0: Swinging Strike 0-1: Swinging Strike 0-2: Strikes out swinging
|
| Bottom of the 3rd over - 1 run, 0 hits, 0 errors, 2 left on base; Burlington 0 - Lynchburg 3 |
| TOP OF THE 4TH |
|
Burlington Senators batting - Pitching for Lynchburg Hillcats : RHP Dave Szymczak
|
|
Batting: RHB Richard Hertel
|
0-0: SINGLE (Line Drive, 78S, EV 105.0 MPH)
|
|
Batting: RHB Rick Schu
|
0-0: Grounds into double play, 6-4-3 (Groundball, 6, EV 105.6 MPH)
|
|
Batting: LHB John Skorochocki
|
0-0: Called Strike 0-1: Ball 1-1: Fly out, F6 (Flyball, 56D, EV 91.9 MPH)
|
| Top of the 4th over - 0 runs, 1 hit, 0 errors, 0 left on base; Burlington 0 - Lynchburg 3 |
| BOTTOM OF THE 4TH |
|
Lynchburg Hillcats batting - Pitching for Burlington Senators : LHP Jose Calderon
|
|
Batting: RHB Felix Estrada
|
0-0: Called Strike 0-1: Ball 1-1: Ground out 1-3 (Groundball, P, EV 65.0 MPH)
|
|
Batting: RHB Luis A Rivera
|
0-0: Ball 1-0: Fly out, F5 (Line Drive, 5, EV 71.3 MPH)
|
|
Batting: RHB Russ Quetti
|
0-0: Ball 1-0: Ball 2-0: Fly out, F9 (Line Drive, 9D, EV 86.9 MPH)
|
| Bottom of the 4th over - 0 runs, 0 hits, 0 errors, 0 left on base; Burlington 0 - Lynchburg 3 |
| TOP OF THE 5TH |
|
Burlington Senators batting - Pitching for Lynchburg Hillcats : RHP Dave Szymczak
|
|
Batting: RHB Joseph Lorenz
|
0-0: Ball 1-0: Ball 2-0: Called Strike 2-1: Ball 3-1: Base on Balls
|
|
Batting: LHB Jesus Sandoval
|
0-0: Ball 1-0: Ball 2-0: Ball 3-0: Base on Balls Joseph Lorenz to second
|
|
Batting: RHB Glenn Millhauser
|
0-0: Called Strike 0-1: Bunt missed! 0-2: Strikes out swinging
|
|
Batting: RHB Ronnie Mears
|
0-0: Called Strike 0-1: Ball 1-1: Reached on error, E1 (Groundball, 13, EV 66.9 MPH) Joseph Lorenz to third Jesus Sandoval to second
|
|
Batting: RHB Brad Bauman
|
0-0: Foul Ball, location: 2F 0-1: Called Strike 0-2: Foul Ball, location: 2F 0-2: Foul Ball, location: 2F 0-2: Foul Ball, location: 2F 0-2: Strikes out swinging
|
|
Batting: LHB Daniel Spain
|
0-0: Swinging Strike 0-1: SINGLE (Groundball, 56D, EV 105.0 MPH) Joseph Lorenz scores Jesus Sandoval to third Ronnie Mears to second Runner from 3rd tries for Home, SAFE, throw by LF to home
|
|
Batting: RHB Richard Hertel
|
0-0: Foul Ball, location: 2F 0-1: Called Strike 0-2: Ball 1-2: Fly out, F8 (Flyball, 89D, EV 102.5 MPH)
|
| Top of the 5th over - 2 runs, 1 hit, 1 error, 2 left on base; Burlington 2 - Lynchburg 3 |
| BOTTOM OF THE 5TH |
|
Lynchburg Hillcats batting - Pitching for Burlington Senators : LHP Jose Calderon
|
|
Batting: RHB William Lajoie
|
0-0: Fly out, F2 (Popup, 23F, EV 85.6 MPH)
|
|
Batting: RHB Richard Witt
|
0-0: Ball 1-0: Ball 2-0: Called Strike 2-1: Ball 3-1: Called Strike 3-2: Foul Ball, location: 2F 3-2: Fly out, F8 (Flyball, 8LXD, EV 106.9 MPH)
|
|
Batting: RHB Kenneth Tillman
|
0-0: Ball 1-0: Called Strike 1-1: Called Strike 1-2: Ball 2-2: Hit by Pitch
|
|
Pinch Runner at 1st Everett Rey:
|
|
|
Batting: RHB Jon Corella
|
0-0: Called Strike Balk! Everett Rey to second 0-1: Ball 1-1: Called Strike 1-2: Foul Ball, location: 2F 1-2: Strikes out looking
|
| Bottom of the 5th over - 0 runs, 0 hits, 0 errors, 1 left on base; Burlington 2 - Lynchburg 3 |
| TOP OF THE 6TH |
|
Burlington Senators batting - Pitching for Lynchburg Hillcats : RHP Dave Szymczak
|
|
Now in LF: Everett Rey
|
|
|
Batting: RHB Rick Schu
|
0-0: Called Strike 0-1: Called Strike 0-2: SINGLE (Line Drive, 8RS, EV 95.6 MPH)
|
|
Batting: LHB John Skorochocki
|
0-0: Ball 1-0: Called Strike 1-1: Ball 2-1: Foul Ball, location: 2F 2-2: Foul Ball, location: 2F 2-2: Strikes out looking
|
|
Batting: RHB Joseph Lorenz
|
0-0: Ball 1-0: Called Strike 1-1: Ball 2-1: Foul Ball, location: 2F 2-2: Fly out, F8 (Line Drive, 8LM, EV 107.5 MPH)
|
|
Batting: LHB Jesus Sandoval
|
0-0: Ball 1-0: Ball Rick Schu steals 2nd base (no throw) 2-0: Ball 3-0: Called Strike 3-1: Swinging Strike 3-2: Fly out, F8 (Flyball, 8RD, EV 99.4 MPH)
|
| Top of the 6th over - 0 runs, 1 hit, 0 errors, 1 left on base; Burlington 2 - Lynchburg 3 |
| BOTTOM OF THE 6TH |
|
Lynchburg Hillcats batting - Pitching for Burlington Senators : LHP Jose Calderon
|
|
Batting: RHB Frederic Wade
|
0-0: Ball 1-0: Foul Ball, location: 2F 1-1: SINGLE (Groundball, 4MD, EV 95.6 MPH)
|
|
Batting: LHB Harold Warner
|
0-0: Ball 1-0: Called Strike 1-1: Called Strike 1-2: Foul Ball, location: 2F 1-2: Foul Ball, location: 2F 1-2: Ball 2-2: Fly out, F9 (Flyball, 9LM, EV 91.9 MPH)
|
|
Batting: RHB Felix Estrada
|
0-0: Swinging Strike 0-1: Foul Ball, location: 2F 0-2: Ball 1-2: SINGLE (Groundball, 6MD, EV 101.9 MPH) Frederic Wade to second
|
|
Batting: RHB Luis A Rivera
|
0-0: Ball 1-0: Foul Ball, location: 2F 1-1: Foul Ball, location: 2F 1-2: Foul Ball, location: 2F 1-2: Fielders Choice at 2nd, 6-4 (Groundball, 6MS, EV 82.5 MPH) Frederic Wade to third
|
|
Batting: RHB Russ Quetti
|
0-0: Ball 1-0: Reached on error, E1 (Groundball, 13S, EV 72.5 MPH) Frederic Wade scores Luis A Rivera to second
|
|
Batting: RHB William Lajoie
|
0-0: Ball 1-0: Called Strike 1-1: Fielders Choice at 2nd, 6-4 (Groundball, 6, EV 81.9 MPH)
|
| Bottom of the 6th over - 1 run, 2 hits, 1 error, 2 left on base; Burlington 2 - Lynchburg 4 |
| TOP OF THE 7TH |
|
Burlington Senators batting - Pitching for Lynchburg Hillcats : RHP Dave Szymczak
|
|
Batting: RHB Glenn Millhauser
|
0-0: Ball 1-0: Ball 2-0: Ball 3-0: Called Strike 3-1: Foul Ball, location: 2F 3-2: Fly out, F8 (Flyball, 78XD, EV 93.8 MPH)
|
|
Batting: RHB Ronnie Mears
|
0-0: Called Strike 0-1: Ball 1-1: Ball 2-1: Ball 3-1: Ground out U3 (Groundball, 34S, EV 70.6 MPH)
|
|
Batting: RHB Brad Bauman
|
0-0: Ball 1-0: Swinging Strike 1-1: Ball 2-1: Swinging Strike 2-2: Ball 3-2: Fly out, F8 (Line Drive, 8LM, EV 96.3 MPH)
|
| Top of the 7th over - 0 runs, 0 hits, 0 errors, 0 left on base; Burlington 2 - Lynchburg 4 |
| BOTTOM OF THE 7TH |
|
Lynchburg Hillcats batting - Pitching for Burlington Senators : LHP Jose Calderon
|
|
Batting: RHB Richard Witt
|
0-0: Ball 1-0: Fly out, F7 (Line Drive, 7, EV 99.4 MPH)
|
|
Batting: RHB Everett Rey
|
0-0: Ball 1-0: Called Strike 1-1: Ball 2-1: Swinging Strike 2-2: Ground out 6-3 (Groundball, 6, EV 85.0 MPH)
|
|
Batting: RHB Jon Corella
|
0-0: Ball 1-0: DOUBLE (Flyball, 78XD, EV 108.1 MPH)
|
|
Batting: RHB Frederic Wade
|
0-0: Called Strike 0-1: Foul Ball, location: 2F 0-2: Strikes out swinging
|
| Bottom of the 7th over - 0 runs, 1 hit, 0 errors, 1 left on base; Burlington 2 - Lynchburg 4 |
| TOP OF THE 8TH |
|
Burlington Senators batting - Pitching for Lynchburg Hillcats : RHP Dave Szymczak
|
|
Batting: LHB Daniel Spain
|
0-0: Ground out 4-3 (Groundball, 4S, EV 95.0 MPH)
|
|
Batting: RHB Richard Hertel
|
0-0: Ball 1-0: Called Strike 1-1: Ball 2-1: Fly out, F9 (Flyball, 9LM, EV 86.9 MPH)
|
|
Batting: RHB Rick Schu
|
0-0: Ball 1-0: Ball 2-0: Called Strike 2-1: Foul Ball, location: 2F 2-2: Fly out, F3 (Popup, 3F, EV 81.3 MPH)
|
| Top of the 8th over - 0 runs, 0 hits, 0 errors, 0 left on base; Burlington 2 - Lynchburg 4 |
| BOTTOM OF THE 8TH |
|
Lynchburg Hillcats batting - Pitching for Burlington Senators : LHP Jose Calderon
|
|
Batting: LHB Harold Warner
|
0-0: Fly out, F9 (Flyball, 89M, EV 80.0 MPH)
|
|
Batting: RHB Felix Estrada
|
0-0: Called Strike 0-1: Foul Ball, location: 2F 0-2: Ground out 5-3 (Groundball, 56, EV 99.4 MPH)
|
|
Batting: RHB Luis A Rivera
|
0-0: Ball 1-0: Foul Ball, location: 2F 1-1: Foul Ball, location: 2F 1-2: Foul Ball, location: 2F 1-2: Foul Ball, location: 2F 1-2: Foul Ball, location: 2F 1-2: Ground out 6-3 (Groundball, 56, EV 88.8 MPH)
|
| Bottom of the 8th over - 0 runs, 0 hits, 0 errors, 0 left on base; Burlington 2 - Lynchburg 4 |
| TOP OF THE 9TH |
|
Burlington Senators batting - Pitching for Lynchburg Hillcats : RHP Dave Szymczak
|
|
Pitching: RHP Paul Steets
|
|
|
Batting: LHB John Skorochocki
|
0-0: Ball 1-0: Ball 2-0: Ball 3-0: Foul Ball, location: 2F 3-1: Base on Balls
|
|
Batting: RHB Joseph Lorenz
|
0-0: Ball 1-0: Ball 2-0: Ball 3-0: Called Strike 3-1: Foul Ball, location: 2F 3-2: Foul Ball, location: 2F 3-2: Strikes out swinging
|
|
Batting: LHB Jesus Sandoval
|
0-0: Ball 1-0: Ball 2-0: Ball 3-0: Base on Balls John Skorochocki to second
|
|
Pinch Runner at 2nd Richard Hatcher:
|
|
|
Batting: RHB Glenn Millhauser
|
0-0: Ball 1-0: Ball 2-0: Called Strike 2-1: Ball 3-1: Called Strike 3-2: Base on Balls Richard Hatcher to third Jesus Sandoval to second
|
|
Pinch Hitting: RHB Raymond Bresnahan
|
0-0: SINGLE (Groundball, 56D, EV 96.3 MPH) Richard Hatcher scores Jesus Sandoval to third Glenn Millhauser to second
|
|
Pinch Hitting: RHB James English
|
0-0: Foul Ball, location: 2F 0-1: Called Strike 0-2: Grounds into fielders choice 5-2 (Groundball, 25, EV 86.9 MPH) Glenn Millhauser to third Raymond Bresnahan to second
|
|
Batting: LHB Daniel Spain
|
0-0: Fly out, F7 (Flyball, 7S, EV 88.1 MPH)
|
| Top of the 9th over - 1 run, 1 hit, 0 errors, 3 left on base; Burlington 3 - Lynchburg 4 |
|